[Event "Titled Tuesday Blitz March 28 Late 2023"]
[White "micke12a"]
[Black "Necula, Iulian"]
[BlackFideId "1232380"]
[WhiteElo "2321"]
[BlackElo "1790"]
[Result "1-0"]
[Round "05"]
[TimeControl "180+2"]
[Date "2023.03.28"]
[WhiteClock "0:00:45"]
[BlackClock "0:00:58"]

1. e4 d6 2. d4 Nf6 3. Nc3 e5 4. Nf3 Nbd7 5. Bc4 Be7 6. O-O h6 7. a4 c6 8. Re1 a5 9. b3 Qc7 10. Ba3 O-O 11. Qd2 Re8 12. Rad1 Nf8 13. dxe5 dxe5 14. Bxe7 Qxe7 15. Qe3 Bg4 16. h3 Bh5 17. g4 Nxg4 18. hxg4 Bxg4 19. Be2 Ng6 20. Nh2 Be6 21. Bg4 Nf4 22. Bxe6 Qxe6 23. Ne2 Qg6+ 24. Qg3 Nh3+ 25. Kg2 Ng5 26. f3 Re6 27. Ng4 Rae8 28. Rd7 Nxe4 29. fxe4 Qxe4+ 30. Qf3 Qg6 31. Ng3 h5 32. Nxh5 Qxh5 33. Nf6+ Rxf6 34. Qxh5 1-0


[Site "https://www.chess.com"]

[Event "Titled Tuesday Blitz March 28 Late 2023"]
[White "Aung Thant Zin"]
[Black "Jimenez, Joaquin"]
[WhiteFideId "13000063"]
[BlackFideId "109860"]
[WhiteElo "2278"]
[BlackElo "2163"]
[Result "1-0"]
[Round "05"]
[TimeControl "180+2"]
[Date "2023.03.28"]
[WhiteClock "0:02:36"]
[BlackClock "0:02:45"]

1. e4 e6 2. d4 d5 3. Nc3 Bb4 4. exd5 exd5 5. Bd3 Nf6 6. Ne2 O-O 7. O-O c6 8. Bg5 h6 9. Bh4 Bg4 10. f3 Bh5 11. Nf4 Bg6 12. Bxg6 fxg6 13. Ne6 Re8 14. Nxd8 1-0


[Site "https://www.chess.com"]

[Event "Titled Tuesday Blitz March 28 Late 2023"]
[White "Maranhao,Jose Renato Ruiz"]
[Black "Santos Flores, Alberto"]
[WhiteFideId "2135175"]
[BlackFideId "3601234"]
[WhiteElo "1970"]
[BlackElo "2235"]
[Result "0-1"]
[Round "05"]
[TimeControl "180+2"]
[Date "2023.03.28"]
[WhiteClock "0:00:13"]
[BlackClock "0:01:41"]

1. e4 c5 2. d4 cxd4 3. c3 g6 4. cxd4 d5 5. exd5 Nf6 6. Nf3 Nxd5 7. Nc3 Bg7 8. Bb5+ Nc6 9. Qa4 O-O 10. Bxc6 bxc6 11. Qxc6 Nb4 12. Qxa8 Nc2+ 13. Kd2 Nxa1 14. Qxa7 Bg4 15. Rd1 Bxf3 16. gxf3 Bxd4 17. Qa4 Qb6 18. b3 Bxf2 19. Bb2 Qe3# 0-1


[Site "https://www.chess.com"]

[Event "Titled Tuesday Blitz March 28 Late 2023"]
[White "Eggleston, Thomas A"]
[Black "De Souza, Cristiano Gomes"]
[WhiteFideId "412139"]
[BlackFideId "2151758"]
[WhiteElo "2155"]
[BlackElo "2068"]
[Result "1-0"]
[Round "05"]
[TimeControl "180+2"]
[Date "2023.03.28"]
[WhiteClock "0:00:16"]
[BlackClock "0:01:04"]

1. e4 c6 2. Nc3 d6 3. d4 g6 4. a4 Bg7 5. Nf3 Nf6 6. h3 O-O 7. Be3 Nbd7 8. Be2 e5 9. dxe5 Nxe5 10. Nxe5 dxe5 11. Bc5 Re8 12. O-O b6 13. Ba3 Be6 14. Ba6 Bc8 15. Bc4 Be6 16. Qe2 Qc7 17. Rfd1 Rad8 18. Rxd8 Qxd8 19. Bxe6 Rxe6 20. Rd1 Qc8 21. Qc4 Nh5 22. Nd5 Bf8 23. Bxf8 Kxf8 24. Ne3 Kg7 25. g3 Nf6 26. Kg2 c5 27. Nd5 Rd6 28. Rd3 Qe6 29. b3 Nxd5 30. Rxd5 Rxd5 31. exd5 Qd6 32. Qd3 f5 33. c4 Kf6 34. Qe3 g5 35. h4 h6 36. hxg5+ hxg5 37. g4 e4 38. gxf5 Kxf5 39. Qh3+ Kg6 40. Qc8 Qf4 41. Qg8+ Kf5 42. Qe6# 1-0


[Site "https://www.chess.com"]

[Event "Titled Tuesday Blitz March 28 Late 2023"]
[White "Figorito, Nick"]
[Black "OKEKE, Isaac Chukwudalu"]
[WhiteFideId "30923689"]
[BlackFideId "8508526"]
[WhiteElo "2326"]
[BlackElo "2161"]
[Result "0-1"]
[Round "05"]
[TimeControl "180+2"]
[Date "2023.03.28"]
[WhiteClock "0:00:17"]
[BlackClock "0:00:28"]

1. Nf3 Nf6 2. g3 g6 3. Bg2 Bg7 4. O-O O-O 5. c4 c6 6. Nc3 d5 7. cxd5 cxd5 8. d4 Nc6 9. Ne5 Bf5 10. Nxc6 bxc6 11. Bf4 Qb6 12. Na4 Qb5 13. Be5 Nd7 14. Bxg7 Kxg7 15. b3 Nb6 16. Nc5 Nd7 17. Nxd7 Bxd7 18. Rc1 Qa5 19. Qc2 Rfe8 20. Qb2 Rab8 21. Rc5 Qb4 22. Rfc1 a5 23. Qc3 a4 24. Rb1 Qxc3 25. Rxc3 Rb4 26. e3 Reb8 27. Bf1 Bf5 28. Bd3 axb3 29. Rbxb3 Rxb3 30. axb3 Bxd3 31. Rxd3 Kf6 32. Rc3 Rb6 33. h4 e5 34. dxe5+ Kxe5 35. Kg2 Kd6 36. Kf3 c5 37. Rd3 Kc6 38. Ke2 c4 39. bxc4 dxc4 40. Rd8 Rb2+ 41. Kf3 Rb7 42. Rc8+ Kb5 43. Ke4 Rd7 44. f4 Kb4 45. g4 Kb3 46. f5 c3 47. fxg6 hxg6 48. h5 gxh5 49. gxh5 c2 50. h6 Kb2 51. h7 f5+ 52. Kxf5 Rxh7 53. e4 Rf7+ 54. Kg6 Rf3 55. Rb8+ Rb3 56. Rc8 Rc3 57. Rb8+ Ka3 58. Ra8+ Kb4 59. Rb8+ Kc5 60. Rc8+ Kd4 61. Rd8+ Kxe4 62. Re8+ Kd5 63. Rd8+ Ke6 0-1


[Site "https://www.chess.com"]

[Event "Titled Tuesday Blitz March 28 Late 2023"]
[White "Maluco_do_Natal_00"]
[Black "Sarkar, Justin"]
[BlackFideId "2010011"]
[WhiteElo "2034"]
[BlackElo "2189"]
[Result "0-1"]
[Round "05"]
[TimeControl "180+2"]
[Date "2023.03.28"]
[WhiteClock "0:00:02"]
[BlackClock "0:00:02"]

1. e4 c5 2. Nf3 Nc6 3. d4 cxd4 4. Nxd4 g6 5. Nc3 Bg7 6. Be3 Nf6 7. Bc4 O-O 8. Bb3 d6 9. h3 Nxd4 10. Bxd4 Bd7 11. O-O Bc6 12. Qe2 e5 13. Be3 Nxe4 14. Nxe4 Bxe4 15. Rad1 Qc7 16. f4 Qc6 17. c3 a5 18. fxe5 dxe5 19. a4 Rac8 20. Qf2 Kh8 21. Bb6 f5 22. Bxa5 f4 23. Bb4 Rfd8 24. Rxd8+ Rxd8 25. Re1 g5 26. Bc2 Bd5 27. a5 e4 28. Qc5 Qxc5+ 29. Bxc5 e3 30. b3 Rd7 31. c4 Bc6 32. Bf5 Rd2 33. Bg4 Bc3 34. Rd1 Rxg2+ 0-1


[Site "https://www.chess.com"]

[Event "Titled Tuesday Blitz March 28 Late 2023"]
[White "Tsukerman, Julia"]
[Black "Romero Pallares, Daniel"]
[WhiteFideId "2621649"]
[BlackFideId "32025637"]
[WhiteElo "1667"]
[BlackElo "2195"]
[Result "0-1"]
[Round "05"]
[TimeControl "180+2"]
[Date "2023.03.28"]
[WhiteClock "0:00:01"]
[BlackClock "0:00:46"]

1. e4 g6 2. d4 Bg7 3. Be3 d5 4. e5 c5 5. c3 cxd4 6. cxd4 Nc6 7. Nc3 Nh6 8. f4 O-O 9. Nf3 Bg4 10. Be2 f6 11. O-O Nf5 12. Qd2 Bxf3 13. Bxf3 e6 14. Rac1 fxe5 15. fxe5 Nxe3 16. Qxe3 Qh4 17. Rcd1 Bh6 18. Qf2 Qg5 19. Kh1 Rf4 20. Ne2 Rf7 21. Qg3 Qxg3 22. Nxg3 Be3 23. Ne2 Raf8 24. Rd3 Bg5 25. Rdd1 Kg7 26. h3 h5 27. Kh2 Bd8 28. Rfe1 Bb6 29. Rd3 Kh6 30. Rc1 Rg7 31. Kg3 g5 32. Nc3 Ne7 33. Kh2 g4 34. hxg4 hxg4 35. Be2 Nf5 36. Rcd1 Kg5 37. Kg1 Rh8 38. Na4 Rgh7 39. Kf2 Bd8 40. Nc5 Rh6 41. Bf1 b6 42. Nb3 Be7 43. Nd2 Rf8 44. Ke1 Kg6 45. Nb3 Bh4+ 46. Ke2 Ng3+ 47. Ke1 Ne4+ 48. Ke2 Rf2+ 49. Ke1 Rxb2+ 0-1


[Site "https://www.chess.com"]

[Event "Titled Tuesday Blitz March 28 Late 2023"]
[White "Osmonbekov, Talaibek"]
[Black "Vivas Zamora, Fabian Ernesto"]
[WhiteFideId "2017253"]
[BlackFideId "3902480"]
[WhiteElo "2135"]
[BlackElo "2262"]
[Result "0-1"]
[Round "05"]
[TimeControl "180+2"]
[Date "2023.03.28"]
[WhiteClock "0:00:01"]
[BlackClock "0:00:02"]

1. d4 Nf6 2. Bf4 g6 3. Nc3 d5 4. e3 Bg7 5. h4 h5 6. Nf3 O-O 7. Ne5 c5 8. f3 Nc6 9. Qd2 Nd7 10. Nxd7 Bxd7 11. dxc5 Qa5 12. Nxd5 Qxc5 13. O-O-O Be6 14. e4 Rfd8 15. Be3 Qd6 16. Qe1 Qe5 17. Nc3 Qa5 18. Rxd8+ Rxd8 19. a3 b5 20. Be2 b4 21. Nb1 bxa3 22. Nxa3 Bxb2+ 23. Kxb2 Rb8+ 24. Nb5 Qa2+ 25. Kc1 Qa1+ 26. Kd2 Qa5+ 27. Nc3 Ne5 28. Qa1 Rd8+ 29. Bd3 Qb4 30. Rb1 Qc4 31. Nd5 Rxd5 32. exd5 Qxd5 33. Qxa7 Nc4+ 34. Ke2 Nxe3 35. Qxe3 Qd6 36. Rb6 Qg3 37. Qf2 Qf4 38. Kf1 Qc1+ 39. Qe1 Qf4 40. Kg1 Kf8 41. Rc6 Bd5 42. Rc8+ Kg7 43. Qc3+ f6 44. Qc5 Bf7 0-1


[Site "https://www.chess.com"]

[Event "Titled Tuesday Blitz March 28 Late 2023"]
[White "Stanisz, Patryk"]
[Black "Torrente, Alejandro Josue"]
[WhiteFideId "1123106"]
[BlackFideId "4437969"]
[WhiteElo "2069"]
[BlackElo "2025"]
[Result "0-1"]
[Round "05"]
[TimeControl "180+2"]
[Date "2023.03.28"]
[WhiteClock "0:00:02"]
[BlackClock "0:00:12"]

1. d4 d5 2. c4 c6 3. Nf3 Nf6 4. Nc3 a6 5. e3 Bf5 6. Nh4 Bc8 7. Nf3 g6 8. Bd3 Bg7 9. O-O O-O 10. e4 dxe4 11. Nxe4 Nxe4 12. Bxe4 Nd7 13. Bf4 Nf6 14. Bc2 Bg4 15. Be5 Qb6 16. Rb1 Rfd8 17. h3 Be6 18. b3 h6 19. Qe2 a5 20. Rbd1 Bf5 21. Bxf5 gxf5 22. Nh4 e6 23. Rd3 Ne4 24. Bxg7 Kxg7 25. Rfd1 a4 26. f3 Nf6 27. Qe5 axb3 28. axb3 Rd7 29. f4 Qd8 30. Rg3+ Kh7 31. Kh2 Ra5 32. Qe3 Ne4 33. Nf3 Nxg3 34. Kxg3 Qf6 35. Ne5 Rd8 36. Kh2 Ra3 37. Qc3 Ra2 38. Rd3 Rg8 39. Rg3 Rxg3 40. Qxg3 Qg7 41. Qf3 f6 42. Nd3 Qd7 43. Nc5 Qxd4 44. Nxe6 Qd7 45. Nc5 Qe7 46. Nd3 Re2 47. b4 Qe3 48. Qxe3 Rxe3 49. Nc5 b6 50. Nd7 b5 51. cxb5 cxb5 52. Nxf6+ Kg6 53. Nd5 Rd3 54. Nc7 Rd4 55. Nxb5 Rxf4 56. Nc7 Rxb4 57. Nd5 Rd4 58. Ne7+ Kf6 59. Nc6 Rd6 60. Nb4 f4 61. Kg1 Kf5 62. Kf2 Rd2+ 63. Kf3 Rb2 64. Nc6 Rb3+ 65. Kf2 Rc3 66. Ne7+ Ke4 67. Ng6 Rc2+ 68. Kg1 f3 69. gxf3+ Kxf3 70. Ne5+ Kg3 71. Nf7 Rc1# 0-1


[Site "https://www.chess.com"]

[Event "Titled Tuesday Blitz March 28 Late 2023"]
[White "Nikolova, Adriana"]
[Black "lluiss"]
[WhiteFideId "2908689"]
[WhiteElo "2213"]
[BlackElo "2181"]
[Result "1-0"]
[Round "05"]
[TimeControl "180+2"]
[Date "2023.03.28"]
[WhiteClock "0:02:46"]
[BlackClock "0:02:30"]

1. e4 c5 2. Nf3 d6 3. d4 cxd4 4. Nxd4 Nf6 5. Nc3 g6 6. Be3 Bg7 7. Bc4 O-O 8. f3 Nc6 9. Qd2 Bd7 10. Bb3 Nxd4 11. Bxd4 b5 12. h4 h5 13. O-O-O a5 14. Nd5 a4 15. Nxf6+ exf6 16. Bd5 Rb8 17. g4 hxg4 18. h5 g5 19. h6 Bh8 20. h7+ Kg7 21. Qxg5# 1-0


[Site "https://www.chess.com"]

[Event "Titled Tuesday Blitz March 28 Late 2023"]
[White "sissahungrychess"]
[Black "Barria Santos, Jose Guilherme"]
[BlackFideId "1939300"]
[WhiteElo "2379"]
[BlackElo "2301"]
[Result "1-0"]
[Round "05"]
[TimeControl "180+2"]
[Date "2023.03.28"]
[WhiteClock "0:00:34"]
[BlackClock "0:00:06"]

1. c4 Nf6 2. g3 g6 3. Bg2 Bg7 4. Nf3 O-O 5. O-O d6 6. Nc3 Nc6 7. d3 e5 8. Rb1 h6 9. b4 Be6 10. b5 Ne7 11. Ba3 a6 12. Qb3 axb5 13. Nxb5 Nc6 14. Nc3 Qd7 15. Bb2 Rab8 16. Nd5 Bxd5 17. cxd5 Na5 18. Qb4 b6 19. e4 Nb7 20. d4 Nxe4 21. dxe5 Nbc5 22. exd6 Bxb2 23. Qxb2 Qxd6 24. Rfd1 Na4 25. Qd4 Nec3 26. Ne5 Nxb1 27. Ng4 Kh7 28. Nf6+ Qxf6 29. Qxf6 Nbc3 30. Rd3 Nb5 31. h4 Nc5 32. Re3 Nd6 33. h5 Ra8 34. hxg6+ fxg6 35. Re7+ Rf7 36. Rxf7+ Nxf7 37. Qxf7+ Kh8 38. d6 Rxa2 39. Qxa2 1-0


[Site "https://www.chess.com"]

[Event "Titled Tuesday Blitz March 28 Late 2023"]
[White "ArturoCaceres"]
[Black "dDobravcan"]
[WhiteElo "2377"]
[BlackElo "2138"]
[Result "1-0"]
[Round "05"]
[TimeControl "180+2"]
[Date "2023.03.28"]
[WhiteClock "0:00:06"]
[BlackClock "0:00:01"]

1. e4 d6 2. d4 Nf6 3. Nc3 c6 4. f4 Qa5 5. Bd3 e5 6. dxe5 dxe5 7. Bd2 Nbd7 8. Nf3 exf4 9. O-O Bc5+ 10. Kh1 Ng4 11. Qe2 Be3 12. h3 Qh5 13. Nh2 Nde5 14. Bxe3 fxe3 15. Rf5 Qh4 16. hxg4 Nxg4 17. Qxg4 Qxg4 18. Nxg4 Bxf5 19. exf5 O-O-O 20. Nxe3 Rhe8 21. Ne4 Re5 22. g4 h5 23. Nc4 Red5 24. g5 Kc7 25. Ne3 Re5 26. Rf1 h4 27. Rf4 Rh8 28. Kh2 b6 29. Kh3 c5 30. Ng4 Ree8 31. b3 Kc6 32. a4 Rd8 33. Ne3 Rd4 34. Rxh4 Re8 35. Rf4 a6 36. Kg3 b5 37. axb5+ axb5 38. Kf3 c4 39. bxc4 bxc4 40. Nxc4 Kd5 41. Ncd2 Ke5 42. Nc4+ Kd5 43. Ne3+ Ke5 44. Ng4+ Kd5 45. f6 g6 46. Ke3 Ra4 47. c4+ Kc6 48. Kd4 1-0


[Site "https://www.chess.com"]

[Event "Titled Tuesday Blitz March 28 Late 2023"]
[White "Bolanos, Fernando"]
[Black "Hartikainen, Jarmo"]
[WhiteFideId "3304094"]
[BlackFideId "503134"]
[WhiteElo "2166"]
[BlackElo "2134"]
[Result "0-1"]
[Round "05"]
[TimeControl "180+2"]
[Date "2023.03.28"]
[WhiteClock "0:01:21"]
[BlackClock "0:00:08"]

1. e4 c5 2. Nf3 Nc6 3. d4 cxd4 4. Nxd4 Nf6 5. Nc3 d6 6. Bg5 e6 7. Qd2 a6 8. O-O-O Bd7 9. f4 h6 10. Bxf6 Qxf6 11. Nf3 Qd8 12. Kb1 Qc7 13. Bd3 O-O-O 14. g4 Be7 15. h4 Kb8 16. Rhg1 Bc8 17. f5 Ne5 18. Nxe5 dxe5 19. Rdf1 Bxh4 20. Qe2 Bf6 21. Bc4 Rd4 22. Bb3 Rhd8 23. fxe6 fxe6 24. a3 Bg5 25. Qf3 Bf4 26. Ne2 Rd2 27. Nxf4 exf4 28. Qxf4 Rd1+ 29. Ka2 Qxf4 30. Rxf4 Rxg1 31. Rf7 Rd7 32. Rf8 Re7 33. e5 Rxg4 34. Rh8 Rg5 35. Bc4 Rxe5 36. c3 h5 37. Kb3 Kc7 38. Kc2 Bd7 39. Be2 g6 40. Bd3 Rg5 41. b4 Rf7 42. Kb3 Rg3 43. Be4 Rf4 44. Bh1 Rf1 45. Be4 Rc1 46. Bc2 Rg2 47. Be4 Re2 48. Bd3 Re3 49. Bc2 Rg1 50. Rh7 e5 51. a4 e4 52. b5 Rgg3 53. Kb4 Rxc3 54. Bxe4 axb5 55. axb5 Rb3+ 56. Kc4 Rxb5 57. Bd5 Rg4+ 58. Kc3 Rxd5 59. Kc2 Rf5 60. Kd3 Rf3+ 61. Ke2 Ra3 62. Kf2 Rh4 63. Kg2 Rb4 64. Re7 Rb2+ 65. Kf1 Ra1+ 66. Re1 Rxe1+ 67. Kxe1 Bc6 68. Kf1 h4 69. Kg1 h3 70. Kf1 h2 71. Ke1 h1=Q# 0-1


[Site "https://www.chess.com"]

[Event "Titled Tuesday Blitz March 28 Late 2023"]
[White "Stead, Kerry"]
[Black "Lalanne, Pablo"]
[WhiteFideId "3202577"]
[BlackFideId "112151"]
[WhiteElo "1997"]
[BlackElo "2120"]
[Result "0-1"]
[Round "05"]
[TimeControl "180+2"]
[Date "2023.03.28"]
[WhiteClock "0:00:19"]
[BlackClock "0:00:43"]

1. d4 Nf6 2. f3 d5 3. e4 dxe4 4. Nc3 exf3 5. Nxf3 Bg4 6. h3 Bxf3 7. Qxf3 c6 8. Qf2 e6 9. Bg5 Be7 10. Bd3 Qb6 11. O-O-O Nbd7 12. Rhf1 O-O-O 13. Kb1 Kb8 14. Bf4+ Ka8 15. Na4 Qa5 16. b3 Nd5 17. Bd2 Bb4 18. c4 Bxd2 19. Qxd2 Qxd2 20. Rxd2 N5f6 21. Kc2 e5 22. dxe5 Nxe5 23. Bf5 Rxd2+ 24. Kxd2 Rd8+ 25. Ke3 b6 26. Nc3 Nh5 27. Ne2 g6 28. Bc2 f5 29. Nd4 c5 30. Ne6 Rd6 31. Nc7+ Kb7 32. Nd5 b5 33. Bd3 Nxd3 34. Kxd3 Nf6 35. Re1 Nxd5 36. cxd5 Rxd5+ 37. Kc3 Kc6 38. Re7 Rd7 39. Re6+ Kd5 40. Ra6 Re7 41. Kd3 c4+ 42. bxc4+ bxc4+ 43. Kd2 Kd4 44. Rd6+ Kc5 45. Ra6 f4 46. Rf6 Rd7+ 47. Kc2 g5 48. Rf5+ Rd5 49. Rf7 Re5 50. Kd2 Kd4 51. Rxh7 c3+ 52. Kd1 Ra5 53. Rd7+ Ke3 54. Re7+ Kf2 55. Re2+ Kg3 56. Rc2 Rd5+ 57. Ke1 Rd3 58. a4 a5 59. Kf1 Rd1+ 60. Ke2 Rd2+ 61. Rxd2 cxd2 62. Kxd2 Kxg2 63. Kd3 f3 64. Kc4 f2 65. Kb5 f1=Q+ 66. Kxa5 Kxh3 67. Kb6 g4 68. a5 g3 69. a6 g2 70. a7 g1=Q+ 71. Kb7 Qf3+ 72. Kb8 Qg8+ 73. Kc7 Qgf7+ 74. Kd8 Qxa7 75. Ke8 Qfa8# 0-1


[Site "https://www.chess.com"]

[Event "Titled Tuesday Blitz March 28 Late 2023"]
[White "Sanchez, Robert"]
[Black "sebastianmarinp"]
[WhiteFideId "2034360"]
[WhiteElo "2088"]
[BlackElo "2284"]
[Result "0-1"]
[Round "05"]
[TimeControl "180+2"]
[Date "2023.03.28"]
[WhiteClock "0:00:09"]
[BlackClock "0:00:13"]

1. e4 e5 2. Nf3 Nc6 3. Bb5 a6 4. Ba4 Nf6 5. O-O b5 6. Bb3 Bb7 7. Re1 Bc5 8. c3 d6 9. d4 Bb6 10. a4 h6 11. Na3 O-O 12. Rb1 exd4 13. cxd4 Re8 14. Bc2 Nb4 15. d5 c6 16. dxc6 Bxc6 17. e5 Bxf3 18. Qxf3 Nxc2 19. Nxc2 dxe5 20. axb5 axb5 21. Be3 e4 22. Qf5 Qd5 23. Qh3 Bc7 24. Red1 Qe6 25. Qxe6 Rxe6 26. Nd4 Rb6 27. Nf5 Rb7 28. Rbc1 Be5 29. b4 Kh7 30. h3 Ra4 31. Bc5 Ra2 32. Rd8 Nh5 33. g3 g6 34. Ne3 Ng7 35. Ng4 Ne6 36. Re8 Bg7 37. Rd1 h5 38. Ne3 Nxc5 39. bxc5 b4 40. Rdd8 b3 41. c6 b2 0-1


[Site "https://www.chess.com"]

[Event "Titled Tuesday Blitz March 28 Late 2023"]
[White "Narva, Triin"]
[Black "Bartel, Marta"]
[WhiteFideId "4502680"]
[BlackFideId "1123009"]
[WhiteElo "1944"]
[BlackElo "1985"]
[Result "0-1"]
[Round "05"]
[TimeControl "180+2"]
[Date "2023.03.28"]
[WhiteClock "0:00:01"]
[BlackClock "0:00:27"]

1. e4 g6 2. d4 Bg7 3. Nc3 c6 4. f4 d5 5. Nf3 dxe4 6. Nxe4 Nd7 7. Bc4 Ngf6 8. Nf2 O-O 9. O-O Nd5 10. c3 Qc7 11. Ne5 N7f6 12. Qe2 Bf5 13. Re1 b5 14. Bb3 a5 15. a3 a4 16. Ba2 h5 17. h3 h4 18. Nfd3 Nh5 19. Nf3 Bxd3 20. Qxd3 Nhxf4 21. Bxf4 Nxf4 22. Qe4 Bf6 23. Ne5 Nh5 24. Qxg6+ Ng7 25. Bxf7+ Rxf7 26. Qxf7+ Kh7 27. Qg6+ Kg8 28. Nf7 Qg3 29. Nh6+ Kh8 30. Ng4 Rd8 31. Qh6+ Kg8 32. Re3 Qd6 33. Nxf6+ exf6 34. Rf1 f5 35. Qxd6 Rxd6 36. Ref3 Rd5 37. Rf4 Kf7 38. Rxh4 Kg6 39. Rhf4 c5 40. g4 cxd4 41. cxd4 Kg5 42. gxf5 Nh5 43. Rg4+ Kf6 44. Rg6+ Kf7 45. Rh6 Ng3 46. Rf3 Ne2+ 47. Kf2 Nxd4 48. Rh7+ Kf6 49. Rh6+ Kg7 50. Rb6 Nxf3 51. Kxf3 Rxf5+ 52. Kg4 Rc5 53. h4 Kh7 54. h5 Kg7 55. Rb7+ Kh6 56. Rb6+ Kh7 57. Rb7+ Kg8 58. h6 Kh8 59. Rd7 Rc2 0-1


[Site "https://www.chess.com"]

[Event "Titled Tuesday Blitz March 28 Late 2023"]
[White "Torres Dominguez, David"]
[Black "dorpato"]
[WhiteFideId "2220857"]
[WhiteElo "1999"]
[BlackElo "2030"]
[Result "0-1"]
[Round "05"]
[TimeControl "180+2"]
[Date "2023.03.28"]
[WhiteClock "0:00:44"]
[BlackClock "0:00:20"]

1. e4 c5 2. Nc3 g6 3. d4 cxd4 4. Qxd4 Nf6 5. Bb5 a6 6. e5 Ng8 7. e6 f6 8. exd7+ Bxd7 9. Bxd7+ Qxd7 10. Qxd7+ Nxd7 11. Be3 e6 12. O-O-O Rc8 13. Nge2 Bc5 14. Bxc5 Nxc5 15. Rhe1 Kf7 16. Nf4 e5 17. Nd3 Ne7 18. Nxc5 Rxc5 19. Rd7 b5 20. Nd5 Rxd5 21. Ra7 Rd6 22. f4 Re6 23. fxe5 Rxe5 24. Rxe5 fxe5 25. Rxa6 Rb8 26. c3 h5 27. Kd2 Nd5 28. g3 Nb6 29. b3 Kf6 30. c4 bxc4 31. bxc4 Kf5 32. c5 Nd5 33. c6 Rc8 34. h3 Nb4 35. g4+ hxg4 36. hxg4+ Kg5 37. Ra5 Nxc6 38. Ke3 Re8 39. Ke4 Kxg4 40. Rc5 Nb4 41. a4 g5 42. a5 Na6 43. Rc4 Kg3 44. Kf5 e4 45. Kxg5 e3 46. Rc3 Kf2 47. Kf4 e2 48. Rf3+ Ke1 49. Kg3 Rg8+ 50. Kh2 Rd8 51. Rf6 Nb4 52. a6 Kd2 53. Re6 e1=Q 54. Rxe1 Kxe1 55. a7 Ra8 56. Kg3 Rxa7 57. Kf3 Re7 58. Kf4 Kd2 59. Kf5 Kd3 0-1


[Site "https://www.chess.com"]

[Event "Titled Tuesday Blitz March 28 Late 2023"]
[White "Nakamura, Hikaru"]
[Black "Svane, Rasmus"]
[WhiteFideId "2016192"]
[BlackFideId "4657101"]
[WhiteElo "2879"]
[BlackElo "2597"]
[Result "1-0"]
[Round "06"]
[TimeControl "180+2"]
[Date "2023.03.28"]
[WhiteClock "0:00:20"]
[BlackClock "0:00:01"]

1. Nf3 d5 2. e3 Nf6 3. c4 e6 4. b3 c5 5. Bb2 Nc6 6. cxd5 exd5 7. Bb5 Bd6 8. O-O O-O 9. h3 d4 10. Bxc6 bxc6 11. Na3 Bf5 12. Rc1 Qd7 13. Nc4 Bc7 14. Nce5 Bxe5 15. Nxe5 Qd5 16. exd4 cxd4 17. Nxc6 Rfe8 18. Re1 Bxh3 19. gxh3 Qg5+ 20. Kf1 Qf5 21. Kg2 Qg5+ 22. Kh1 Qd5+ 23. f3 Rxe1+ 24. Qxe1 Qxf3+ 25. Kh2 Qf4+ 26. Kg2 Qg5+ 27. Qg3 Qxd2+ 28. Qf2 Qg5+ 29. Kh2 Qh5 30. Rg1 Kh8 31. Bxd4 Ne8 32. Ne5 f6 33. Qf3 Qxf3 34. Nxf3 Rc8 35. Bxa7 Ra8 36. Re1 Nd6 37. Bc5 Rxa2+ 38. Kg1 Kg8 39. Bxd6 1-0


[Site "https://www.chess.com"]

[Event "Titled Tuesday Blitz March 28 Late 2023"]
[White "Sadhwani, Raunak"]
[Black "Bortnyk, Olexandr"]
[WhiteFideId "35093487"]
[BlackFideId "14120828"]
[WhiteElo "2631"]
[BlackElo "2734"]
[Result "1-0"]
[Round "06"]
[TimeControl "180+2"]
[Date "2023.03.28"]
[WhiteClock "0:00:14"]
[BlackClock "0:00:01"]

1. Nf3 Nf6 2. c4 b6 3. g3 Bb7 4. Bg2 g6 5. O-O Bg7 6. d3 O-O 7. e4 d6 8. Nc3 c5 9. h3 Nc6 10. Be3 Nd7 11. d4 cxd4 12. Nxd4 Nxd4 13. Bxd4 Rc8 14. b3 Qc7 15. Rc1 Bxd4 16. Qxd4 Qc5 17. Qd2 Rfd8 18. Kh2 a6 19. f4 Ba8 20. Rfd1 Nf6 21. Qe2 Rb8 22. Nd5 Bxd5 23. exd5 Re8 24. Qb2 a5 25. Bf1 h5 26. Re1 h4 27. g4 b5 28. cxb5 Qxd5 29. Qf2 Kg7 30. Bg2 Qd3 31. Bc6 Rec8 32. Rcd1 Qc3 33. Rxe7 d5 34. Qe3 Qb4 35. Qe5 Qc5 36. Rd2 Qc1 37. Rg2 Rxb5 38. Bxb5 Rc2 39. g5 Rxg2+ 40. Kxg2 Qd2+ 41. Be2 1-0


[Site "https://www.chess.com"]

[Event "Titled Tuesday Blitz March 28 Late 2023"]
[White "Fedoseev, Vladimir"]
[Black "Martinez Alcantara, Jose Eduardo"]
[WhiteFideId "24130737"]
[BlackFideId "3805662"]
[WhiteElo "2752"]
[BlackElo "2712"]
[Result "1-0"]
[Round "06"]
[TimeControl "180+2"]
[Date "2023.03.28"]
[WhiteClock "0:00:25"]
[BlackClock "0:00:41"]

1. e4 c5 2. Nf3 d6 3. d4 cxd4 4. Nxd4 Nf6 5. Nc3 a6 6. Bd3 Nc6 7. Nxc6 bxc6 8. O-O g6 9. Qe2 Nd7 10. b3 Bg7 11. Bb2 O-O 12. Na4 Bxb2 13. Nxb2 a5 14. Qe3 Qb6 15. Qg5 Re8 16. Na4 Qd4 17. Rad1 Qf6 18. Qe3 Ne5 19. Be2 Qh4 20. h3 Nd7 21. f4 Qf6 22. Bg4 Qg7 23. e5 Qf8 24. Qc3 c5 25. Rfe1 h5 26. Bf3 Rb8 27. exd6 exd6 28. Rxe8 Qxe8 29. Rxd6 Qe7 30. Qd2 c4 31. Qd5 cxb3 32. axb3 Nf6 33. Qe5 Be6 34. Rxe6 Qxe6 35. Qxb8+ Kg7 36. Qe5 Qc8 37. Nc5 Qd8 38. Ne4 Qd1+ 39. Bxd1 Kh6 40. Qxf6 Kh7 41. Ng5+ 1-0


[Site "https://www.chess.com"]

[Event "Titled Tuesday Blitz March 28 Late 2023"]
[White "Caruana, Fabiano"]
[Black "Xiong, Jeffery"]
[WhiteFideId "2020009"]
[BlackFideId "2047640"]
[WhiteElo "2818"]
[BlackElo "2726"]
[Result "0-1"]
[Round "06"]
[TimeControl "180+2"]
[Date "2023.03.28"]
[WhiteClock "0:00:05"]
[BlackClock "0:01:30"]

1. d4 d5 2. c4 dxc4 3. e3 Nf6 4. Bxc4 e6 5. Nf3 c5 6. Nc3 Nc6 7. O-O a6 8. Bb3 Be7 9. Qe2 O-O 10. Rd1 Qc7 11. h3 b5 12. dxc5 Bxc5 13. e4 Nd7 14. Be3 Bxe3 15. Qxe3 Bb7 16. Rac1 Rac8 17. Nd5 Qd8 18. Nf4 Qe7 19. e5 Na5 20. Rxc8 Rxc8 21. Nd4 Nc5 22. Bc2 Nc4 23. Qg3 Nxe5 24. Nfxe6 Nxe6 25. Qxe5 Qc5 26. Qxc5 Nxc5 27. Nf5 Kf8 28. Nd6 Rd8 29. Nxb7 Rxd1+ 30. Bxd1 Nxb7 31. f4 Ke7 32. Kf2 Kd6 33. Ke3 Kc5 34. a3 a5 35. Bc2 Nd6 36. b3 b4 37. a4 h6 38. g4 g5 39. fxg5 hxg5 40. Bd1 Kd5 41. Bf3+ Ke5 42. Bc6 f5 43. Kd3 fxg4 44. hxg4 Nf7 45. Kc4 Kd6 46. Kb5 Ne5 47. Ba8 Nxg4 48. Kxa5 Kc5 49. Ka6 Ne5 50. Bh1 g4 51. Kb7 Nc4 52. Be4 g3 53. Kc7 Na5 0-1


[Site "https://www.chess.com"]

[Event "Titled Tuesday Blitz March 28 Late 2023"]
[White "Sjugirov, Sanan"]
[Black "Firouzja, Alireza"]
[WhiteFideId "4189302"]
[BlackFideId "12573981"]
[WhiteElo "2569"]
[BlackElo "2904"]
[Result "0-1"]
[Round "06"]
[TimeControl "180+2"]
[Date "2023.03.28"]
[WhiteClock "0:00:01"]
[BlackClock "0:00:03"]

1. e4 c5 2. Nf3 d6 3. Bb5+ Nd7 4. d4 cxd4 5. Qxd4 a6 6. Bxd7+ Bxd7 7. O-O Rc8 8. c4 e5 9. Qd3 b5 10. Nfd2 Qc7 11. b3 Nf6 12. Nc3 Qb7 13. a4 bxc4 14. bxc4 Be7 15. Ba3 Qc6 16. Rfb1 O-O 17. a5 Rb8 18. Nd5 Nxd5 19. cxd5 Rxb1+ 20. Rxb1 Qa4 21. Qb3 Rc8 22. Qxa4 Bxa4 23. Rb6 Bb5 24. h4 Bd8 25. Rb7 Bxa5 26. Nb3 Bc7 27. Bb4 f5 28. Nd2 g6 29. h5 Bd3 30. hxg6 hxg6 31. exf5 gxf5 32. Ra7 Bb6 33. Rb7 Rc1+ 34. Kh2 Bc5 35. Bxc5 Rxc5 36. Nf3 Rxd5 37. Ng5 Rb5 38. Rd7 d5 39. Nf3 d4 40. Re7 Be4 41. Nxe5 d3 42. f3 d2 43. Rd7 Rd5 0-1


[Site "https://www.chess.com"]